[Event "*** Titled Tuesday Blitz"]
[Site "Chess.com"]
[Date "2019.08.06"]
[Round "2"]
[White "KuzubovYuriy"]
[Black "wonderfultime"]
[Result "0-1"]
[WhiteElo "2619"]
[BlackElo "2885"]
[TimeControl "180+2"]
[EndTime "13:21:54 PDT"]
[Termination "wonderfultime won by resignation"]

1. d4 d5 2. c4 c6 3. e3 Nf6 4.
Nc3 a6 5. b3 Bf5 6. Nge2 e6 7.
Ng3 Bg6 8. Bd3 Nbd7 9. O-O Bd6 10.
Bb2 O-O 11. Qe2 b5 12. Bxg6 hxg6 13. c5 Bxg3 14. hxg3 Ne4 15. Nxe4 dxe4 16. f3 Nf6 17. g4 g5 18. Kf2 exf3 19. gxf3 Nd5 20. e4 Nf4 21. Qe3 f5 22. d5 fxg4 23. d6 gxf3 24. Rh1 g4 25. Rag1 Qg5 26. Rg3 Ra7 27. Kf1 Nh5 28. Qxg5 Nxg3+ 29. Ke1 f2+ 30. Kd2 Nxe4+ 31. Ke2 Nxg5 0-1

[Event "*** Titled Tuesday Blitz"]
[Site "Chess.com"]
[Date "2019.08.06"]
[Round "2"]
[White "FrenchMonster2002"]
[Black "marcodobrikov"]
[Result "1-0"]
[WhiteElo "2507"]
[BlackElo "2423"]
[TimeControl "180+2"]
[EndTime "13:21:54 PDT"]
[Termination "FrenchMonster2002 won by checkmate"]

1. e4 c5 2. Nc3 d6 3. d4 cxd4 4.
Qxd4 e5 5. Qd2 Be7 6. b3 Nf6 7. Bb2 Be6 8. O-O-O O-O 9. Kb1 a6 10. f3 b5 11. g4 Nc6 12. g5 Nh5 13. h4 Nd4 14.
Bh3 Nf4 15. Nd5 Nxd5 16. exd5 Bxh3 17. Rxh3 Nf5 18. f4 exf4 19. Qxf4 g6 20. Nf3 f6 21.
Qe4 fxg5 22. hxg5 Qd7 23. Rdh1 Rf7 24. Qe6 Bd8 25. Rxh7 Qxe6 26. Rh8# 1-0

[Event "*** Titled Tuesday Blitz"]
[Site "Chess.com"]
[Date "2019.08.06"]
[Round "2"]
[White "12teen"]
[Black "OparinGrigoriy"]
[Result "1-0"]
[WhiteElo "2663"]
[BlackElo "2993"]
[TimeControl "180+2"]
[EndTime "13:22:01 PDT"]
[Termination "12teen won by checkmate"]

1. g3 d5 2. Bg2 e5 3. d3 Nf6 4. Nc3 c6 5. Bd2 Nbd7 6. e4 dxe4 7. dxe4 Bc5 8. Qe2 Qe7 9. O-O-O b5 10. f4 O-O 11. Nf3 b4 12. Na4 Bb6 13. Qc4 c5 14. h3 Bb7 15. Rhe1 Rfe8 16. Nh4 g6 17. f5 Kg7 18. g4 h6 19. g5 hxg5 20. Bxg5 Bc6 21. Nxb6 axb6 22. Qb3 c4 23. Qg3 Rxa2 24. fxg6 fxg6 25.
Bh6+ Kh7 26. Qxg6+ Kh8 27. Nf5 Ra1+ 28. Kd2 c3+ 29. Ke2 Bb5+ 30. Kf3 Qh7 31. Bg7+ Kg8 32. Nh6+ Qxh6 33. Bxh6+ Kh8 34. Qg7# 1-0

[Event "*** Titled Tuesday Blitz"]
[Site "Chess.com"]
[Date "2019.08.06"]
[Round "2"]
[White "TregubovP"]
[Black "olksuna"]
[Result "0-1"]
[WhiteElo "2511"]
[BlackElo "2549"]
[TimeControl "180+2"]
[EndTime "13:22:03 PDT"]
[Termination "olksuna won by resignation"]

1. e4 c5 2. c3 Nf6 3. e5 Nd5 4. d4 cxd4 5. cxd4 Nc6 6. Nf3 d6 7. Bc4 dxe5 8. Bxd5 Qxd5 9. Nc3 Qd8 10. d5 Nd4 11.
Nxe5 Nf5 12. O-O g6 13. Bf4 Bg7 14. Re1 O-O 15. Qd2 Bd7 16. Rad1 Rc8 17. Nf3 Re8 18. h3 Qa5 19. Be5 Bh6 20. Qd3 Nd6 21. g4 Nc4 22.
Re2 b5 23. a3 b4 24. axb4 Qxb4 25. Re4 Qb3 26. Qe2 Qxb2 27. Qxb2 Nxb2 28. Ra1 Nc4 29.
Rxa7 Bxg4 30. hxg4 Nxe5 31. Nxe5 Rxc3 32. Nc6 e6 33. d6 Rxc6 34. d7 Rd8 0-1

[Event "*** Titled Tuesday Blitz"]
[Site "Chess.com"]
[Date "2019.08.06"]
[Round "2"]
[White "pr1105"]
[Black "eCztery"]
[Result "0-1"]
[WhiteElo "2090"]
[BlackElo "2109"]
[TimeControl "180+2"]
[EndTime "13:22:07 PDT"]
[Termination "eCztery won by resignation"]

1. e4 c5 2. Nf3 Nc6 3. d4 cxd4 4. Nxd4 g6 5. c4 Nf6 6. Nc3 Nxd4 7. Qxd4 d6 8. Be3 Bg7 9. f3 O-O 10. Qd2 Be6 11. Be2 a5 12. O-O a4 13. Rab1 Qa5 14. Rfc1 Rfc8 15. b4 axb3 16. axb3 Qb4 17. Rc2 Nd7 18.
Nd5 Qxd2 19. Rxd2 Bxd5 20. Rxd5 Ra2 21. Kf2 Rca8 22. Rbd1 R8a5 23. Rxa5 Rxa5 24. Rd2 Ra3 25. Bd1 Bc3 26. Rd3 Bb4 27. Bd2 Nc5 28. Rd4 Nxb3 29.
Bxb4 Ra2+ 30. Ke3 Nxd4 31. Kxd4 Rxg2 32. h4 Rh2 33. e5 Rxh4+ 34. Kd5 dxe5 35. Bxe7 Rd4+ 36.
Kxe5 Rxd1 37. c5 h5 38. Bd6 h4 0-1

[Event "*** Titled Tuesday Blitz"]
[Site "Chess.com"]
[Date "2019.08.06"]
[Round "2"]
[White "HanSchut"]
[Black "Nancy11111"]
[Result "1-0"]
[WhiteElo "2215"]
[BlackElo "2305"]
[TimeControl "180+2"]
[EndTime "13:22:07 PDT"]
[Termination "HanSchut won on time"]

1. e4 c5 2. Nf3 d6 3. d4 cxd4 4. Nxd4 Nf6 5. f3 a6 6. c4 e5 7. Nc2 Be6 8. Nc3 Nc6 9. Be3 Be7 10. Qd2 Qc7 11. Rc1 O-O 12. Be2 Rab8 13. O-O Nd7 14.
Rfd1 Nc5 15. b4 Nd7 16. Bf1 b6 17. Nd5 Bxd5 18. cxd5 Nd8 19. Nd4 Qa7 20. Nf5 Nf6 21. Bxa6 Re8 22. Bb5 Rf8 23. a4 g6 24. Nh6+ Kg7 25.
a5 Ne8 26. axb6 Rxb6 27. Bxe8 Rxe8 28. Qf2 Qb7 29. Bxb6 Kxh6 30. Rc7 Qa6 31. Rxe7 Rxe7 32. Be3+ Kg7 33. Qh4 Qe2 34. Bh6+ Kg8 35. Rf1 f6 36. Qxf6 1-0

[Event "*** Titled Tuesday Blitz"]
[Site "Chess.com"]
[Date "2019.08.06"]
[Round "2"]
[White "ChadBiryani"]
[Black "GMKrikor"]
[Result "0-1"]
[WhiteElo "2372"]
[BlackElo "2660"]
[TimeControl "180+2"]
[EndTime "13:22:09 PDT"]
[Termination "GMKrikor won on time"]

1. d4 Nf6 2. Bf4 c5 3. dxc5 Na6 4. f3 Nxc5 5. e4 d6 6. Nc3 g6 7. Qd2 Bg7 8. Bh6 O-O 9. O-O-O Qa5 10. Kb1 Be6 11. Nd5 Qxd2 12. Nxe7+ Kh8 13. Bxd2 Rfe8 14. Nd5 Bxd5 15. exd5 Nxd5 16. Bc4 Ne3 17. Bxe3 Rxe3 18. Bxf7 Na4 19. c3 Bxc3 20. Rxd6 Re1+ 21. Kc2 Bxb2 22. Kb3 Be5 23. Rd2 Nc5+ 24. Kc4 Rc8 25. Re2 Rc1+ 26.
Kd5 Bf6 27. h4 Kg7 28. Be6 Rd8+ 0-1

[Event "*** Titled Tuesday Blitz"]
[Site "Chess.com"]
[Date "2019.08.06"]
[Round "2"]
[White "chessdjw"]
[Black "Polish_fighter3000"]
[Result "0-1"]
[WhiteElo "2655"]
[BlackElo "2976"]
[TimeControl "180+2"]
[EndTime "13:22:10 PDT"]
[Termination "Polish_fighter3000 won by checkmate"]

1. d4 Nf6 2. c4 d6 3. Nc3 e5 4. Nf3 Nbd7 5. e4 Be7 6. Be2 O-O 7.
O-O c6 8. Qc2 Re8 9. Rd1 Bf8 10.
Be3 Qc7 11. Rac1 a5 12. h3 h6 13. b3 exd4 14. Nxd4 Nc5 15. Bf3 Nh7 16. h4 Nf6 17. Bf4 Nfd7 18. Bg4 g6 19. h5 Ne5 20. Bxc8 Qxc8 21.
hxg6 fxg6 22. f3 Bg7 23. Rd2 Rf8 24. Bg3 Qd8 25. Nde2 Qe7 26. Rcd1 Rad8 27. a3 h5 28. Bh2 Bh6 29. f4 Ng4 30. e5 Kh7 31. Rxd6 Rxd6 32. Rxd6 Nxe5 33. fxe5 Be3+ 34. Kh1 Rf1+ 35. Ng1 Rxg1+ 36.
Bxg1 Qh4+ 37. Bh2 Qe1+ 38. Bg1 Qxg1# 0-1

[Event "*** Titled Tuesday Blitz"]
[Site "Chess.com"]
[Date "2019.08.06"]
[Round "2"]
[White "OlympusMons95"]
[Black "Padenie_Zvezd"]
[Result "1-0"]
[WhiteElo "2647"]
[BlackElo "2805"]
[TimeControl "180+2"]
[EndTime "13:22:10 PDT"]
[Termination "OlympusMons95 won by resignation"]

1. Nf3 Nf6 2. c4 c5 3. e3 Nc6 4. Nc3 e6 5. d4 d5 6. a3 Ne4 7. Bd3 Nxc3 8. bxc3 dxc4 9. Bxc4 Be7 10. O-O O-O 11.
Bb2 b6 12. e4 Bb7 13. Qe2 Rc8 14. Rad1 Na5 15. Bd3 Qc7 16. h4 Rfd8 17. h5 Qf4 18.
Ne5 Nc6 19. g3 Qh6 20. Ng4 Qg5 21. f4 Qxg4 22. Qxg4 cxd4 23. Bb5 Bc5 24. Kh2 dxc3 25. Bxc3 Nd4 26. Bxd4 Bxd4 27. Qe2 Rc3 28. Rd3 Rc5 29. Rfd1 e5 30. fxe5 Rxe5 31. Rxd4 Rf8 32. Rd8 h6 33.
Rxf8+ Kxf8 34. Rd8+ Ke7 35. Rd7+ 1-0

[Event "*** Titled Tuesday Blitz"]
[Site "Chess.com"]
[Date "2019.08.06"]
[Round "2"]
[White "champ2005"]
[Black "HansCoolNiemann"]
[Result "0-1"]
[WhiteElo "2869"]
[BlackElo "2700"]
[TimeControl "180+2"]
[EndTime "13:22:11 PDT"]
[Termination "HansCoolNiemann won by resignation"]

1. Nf3 d5 2. g3 Nf6 3. Bg2 Bg4 4. O-O Nbd7 5. c4 c6 6. cxd5 cxd5 7. Nc3 e6 8. d3 Be7 9. Be3 O-O 10. Qa4 a6 11. Rac1 b5 12. Qd1 Qa5 13. Nd4 Rac8 14. h3 Bh5 15. g4 Bg6 16. f4 Bc5 17. Qd2 Qb6 18. f5 exf5 19. Rf4 fxg4 20. hxg4 Ne5 21.
g5 Nfg4 22. Nxd5 Qd6 23. b4 Ba7 24. Nf5 Rxc1+ 25. Qxc1 Bxe3+ 26. Ndxe3 Bxf5 27. Nxf5 Qe6 28. Qc5 Re8 29. Nd6 Rd8 30. Rd4 Qxa2 31. Ne4 Rf8 32. Qc1 Qxe2 33. Ng3 Qf2+ 0-1

[Event "*** Titled Tuesday Blitz"]
[Site "Chess.com"]
[Date "2019.08.06"]
[Round "2"]
[White "area_5"]
[Black "Rhemmy"]
[Result "1-0"]
[WhiteElo "2584"]
[BlackElo "2505"]
[TimeControl "180+2"]
[EndTime "13:22:15 PDT"]
[Termination "area_5 won by resignation"]

1. e4 e5 2. Nf3 Nc6 3. Bc4 Nf6 4. Ng5 d5 5. exd5 Na5 6. Bb5+ c6 7. dxc6 bxc6 8. Bd3 Nd5 9. h4 Nf4 10. Bf1 h6 11. Nf3 Bd6 12. d4 Bg4 13. dxe5 Bxe5 14. Qxd8+ Rxd8 15. Nbd2 Bc7 16. g3 Nd5 17. c3 O-O 18.
Bh3 Rfe8+ 19. Kf1 Nf6 20. Bxg4 Nxg4 21. Nh2 Ne5 22. b4 Nd3 23. Nhf3 Nb7 24. Nc4 Nxc1 25. Rxc1 Rd3 26. Kg2 c5 27. Rhd1 Red8 28. Rxd3 Rxd3 29.
b5 Na5 30. Nfd2 Rd8 31. Nxa5 Bxa5 32. Nc4 Bc7 33. a4 Re8 34. Kf3 Rd8 35. a5 Rb8 36. Rb1 f5 37. b6 axb6 38. axb6 Bd8 39. Kf4 g6 40. Ke5 Kf7 41. Kd6 f4 42. b7 fxg3 43. fxg3 g5 44. Ne5+ Ke8 45. Nc6 1-0

[Event "*** Titled Tuesday Blitz"]
[Site "Chess.com"]
[Date "2019.08.06"]
[Round "2"]
[White "JSMastropiero"]
[Black "Vadim_Biliy"]
[Result "0-1"]
[WhiteElo "2320"]
[BlackElo "2231"]
[TimeControl "180+2"]
[EndTime "13:22:17 PDT"]
[Termination "Vadim_Biliy won by resignation"]

1. d4 d5 2. Nf3 e6 3. c4 Nf6 4. Qc2 Be7 5. Bg5 O-O 6. e3 Ne4 7.
Bxe7 Qxe7 8. cxd5 exd5 9. Nc3 Rd8 10. Bd3 Bf5 11. Nd2 Nc6 12. Ncxe4 Nb4 13. Qb1 Nxd3+ 14.
Qxd3 Bxe4 15. Nxe4 dxe4 16. Qb3 c5 17. dxc5 Rd3 18.
Qc2 Rc8 19. Rc1 b6 20. c6 Qb4+ 21. Ke2 Qb5 22. Qc4 Qxb2+ 23. Rc2 Qe5 24. h3 Qh5+ 25. g4 Qe5 26. Rd1 Rxd1 27. Kxd1 h5 28. Qd4 Qe7 29.
Qd7 Rd8 30. Rd2 Rxd7 31. cxd7 Qd8 32. gxh5 f5 33. Kc2 Kf7 34. Kc3 Ke6 35. Kb4 a6 36.
a4 Qxd7 37. Rxd7 Kxd7 38. Kc4 Kd6 39. h4 Kc6 40. Kb4 b5 41. a5 Kd5 42. Kb3 Kc5 0-1

[Event "*** Titled Tuesday Blitz"]
[Site "Chess.com"]
[Date "2019.08.06"]
[Round "2"]
[White "severomorskij"]
[Black "Winehouse83"]
[Result "1-0"]
[WhiteElo "2852"]
[BlackElo "2616"]
[TimeControl "180+2"]
[EndTime "13:22:18 PDT"]
[Termination "severomorskij won by resignation"]

1. d4 Nf6 2. Bg5 Ne4 3. Bf4 d5 4.
f3 Nf6 5. e4 dxe4 6. Nc3 e3 7.
Bxe3 Bf5 8. g4 Bg6 9. h4 h5 10. g5 Nd5 11. Nxd5 Qxd5 12. Nh3 e5 13. c4 Qa5+ 14. Kf2 Nc6 15. d5 Nd4 16. Bxd4 exd4 17. Bd3 Bxd3 18. Re1+ Be7 19. Qxd3 Qb4 20. Qe4 Rd8 21.
Nf4 Rd7 22. b3 Kd8 23. Nd3 Qd6 24. Ne5 Rf8 25. Kg2 f6 26. Nxd7 Qxd7 27. g6 f5 28. Qe6 Bxh4 29. Qxd7+ Kxd7 30. Rh1 Bf6 31. Rxh5 Re8 32.
Kf1 Re3 33. Rxf5 Rc3 34. Rxf6 gxf6 35. g7 Rxf3+ 36. Kg2 1-0

[Event "*** Titled Tuesday Blitz"]
[Site "Chess.com"]
[Date "2019.08.06"]
[Round "2"]
[White "promen1999"]
[Black "Zubrrr"]
[Result "1-0"]
[WhiteElo "2733"]
[BlackElo "2719"]
[TimeControl "180+2"]
[EndTime "13:22:21 PDT"]
[Termination "promen1999 won by checkmate"]

1. Nf3 d6 2. e4 c5 3. Nc3 Nf6 4. h3 a6 5. g4 b5 6. Bg2 Bb7 7. d3 g6 8. O-O Bg7 9. Be3 Nbd7 10. Qd2 Nb6 11. Bh6 O-O 12. Nh4 e5 13. Bg5 Nbd7 14. Ne2 Qb6 15. Ng3 d5 16. Kh1 Rfe8 17. Rae1 dxe4 18. dxe4 Nf8 19. f4 Rad8 20. Qf2 h6 21. fxe5 hxg5 22. exf6 Bh8 23. Nf3 Bxf6 24. e5 Be7 25.
Nxg5 Bxg2+ 26. Kxg2 Bxg5 27. Qxf7+ Kh8 28. Ne4 Qc6 29.
Kg1 Bh4 30. Nf6 Bxf6 31. exf6 Rxe1 32. Qg7# 1-0

[Event "*** Titled Tuesday Blitz"]
[Site "Chess.com"]
[Date "2019.08.06"]
[Round "2"]
[White "Thunderbolt1909"]
[Black "Vuk2000"]
[Result "0-1"]
[WhiteElo "2368"]
[BlackElo "2714"]
[TimeControl "180+2"]
[EndTime "13:22:21 PDT"]
[Termination "Vuk2000 won by resignation"]

1. d4 e6 2. c4 Nf6 3. Nc3 Bb4 4. e3 O-O 5. Bd3 d5 6. Nf3 c5 7. O-O Nc6 8. cxd5 exd5 9. dxc5 Bxc3 10. bxc3 Bg4 11.
a4 Qa5 12. Rb1 Ne4 13. Rb5 Qc7 14. Qc2 Bxf3 15. gxf3 Nf6 16. c4 Ne5 17. Be2 dxc4 18. f4 Ng6 19. Bxc4 Qc6 20. f3 Rac8 21. Bb2 a6 22.
Rb3 Qxc5 23. Rc1 Qh5 24. Bxf7+ Kxf7 25. Rxb7+ Ne7 26. Qxc8 Rxc8 27. Rxc8 Qxf3 28. Rcc7 Qxe3+ 29. Kg2 Nd5 30. Be5 Nxc7 31. Rxc7 Qe4+ 32. Kg3 Qxa4 33. Bd6 Qe4 34. Ra7 Qe3+ 0-1

[Event "*** Titled Tuesday Blitz"]
[Site "Chess.com"]
[Date "2019.08.06"]
[Round "2"]
[White "guillembaches"]
[Black "Orest_Vovk"]
[Result "1/2-1/2"]
[WhiteElo "2317"]
[BlackElo "2209"]
[TimeControl "180+2"]
[EndTime "13:22:23 PDT"]
[Termination "Game drawn by repetition"]

1. e4 g5 2. d4 h6 3. c4 Bg7 4. Nc3 c5 5. Nge2 cxd4 6. Nxd4 Nc6 7. Be3 d6 8. Be2 Nxd4 9. Bxd4 Bxd4 10. Qxd4 Nf6 11. h4 g4 12. Nd5 Be6 13. Nxf6+ exf6 14. O-O Ke7 15. Rad1 Qb6 16. Qd2 g3 17. b3 Rag8 18.
Qf4 h5 19. Rd3 gxf2+ 20. Rxf2 Rg6 21. Rg3 Qd4 22. Kh2 Qe5 23. Rxg6 Qxf4+ 24. Rxf4 fxg6 25. Kg3 a5 26. a4 Rc8 27. Kf2 Rc6 28. Ke3 Rc5 29.
g3 b6 30. Kd4 Re5 31. Bd3 g5 32. Rf2 Rc5 33. Bc2 Rc8 34. Bd3 Rg8 35. Be2 g4 36.
Bd3 Rc8 37. Rf4 Rc5 38. Be2 Re5 39. Bd3 Rc5 40. Rf2 Re5 41. Rf4 Rc5 1/2-1/2

[Event "*** Titled Tuesday Blitz"]
[Site "Chess.com"]
[Date "2019.08.06"]
[Round "2"]
[White "ChessFunMaker"]
[Black "bluejay1897"]
[Result "1-0"]
[WhiteElo "2230"]
[BlackElo "2287"]
[TimeControl "180+2"]
[EndTime "13:22:23 PDT"]
[Termination "ChessFunMaker won by resignation"]

1. c4 Nf6 2. g3 e6 3. Bg2 d5 4. d4 Be7 5. Nf3 O-O 6. O-O Nbd7 7.
Nbd2 c5 8. cxd5 Nxd5 9. dxc5 Nxc5 10. Nb3 Nxb3 11. Qxb3 Bf6 12. e4 Nb6 13. Be3 Nd7 14. Rfd1 Qa5 15. Rac1 Ne5 16. Nxe5 Qxe5 17. Bd4 Qg5 18. f4 Qg6 19. e5 Be7 20. Qe3 a6 21. Bb6 f6 22. exf6 Bxf6 23. Be4 Qh5 24. Bc5 Re8 25.
Bf3 Qf7 26. Bd4 Rb8 27. Be5 Bxe5 28. Qxe5 Ra8 29. Rc7 Qf6 30. Bh5 Rf8 31. Qxf6 gxf6 32. Bf3 Rb8 33. Rd6 e5 34. Bd5+ Kh8 35. fxe5 fxe5 36. Be6 Bxe6 37. Rxe6 Rbd8 38. Ree7 Rd1+ 39. Kg2 Rd2+ 40. Kh3 Rff2 41. Rc8+ 1-0

[Event "*** Titled Tuesday Blitz"]
[Site "Chess.com"]
[Date "2019.08.06"]
[Round "2"]
[White "m3alam"]
[Black "julinha97"]
[Result "1-0"]
[WhiteElo "2306"]
[BlackElo "2225"]
[TimeControl "180+2"]
[EndTime "13:22:25 PDT"]
[Termination "m3alam won by resignation"]

1. d4 Nf6 2. Nf3 g6 3. g3 Bg7 4. Bg2 O-O 5. O-O d6 6. c4 Nc6 7. Nc3 a6 8. b3 Bd7 9. Bb2 Rb8 10. Rc1 b5 11. Nd5 bxc4 12. Nxf6+ Bxf6 13. Rxc4 Na5 14. Rc2 Bf5 15. Rc1 c5 16. Qd2 c4 17. Bc3 Nc6 18.
d5 Bxc3 19. Rxc3 Na5 20. Qh6 f6 21. Nd4 cxb3 22. axb3 Qd7 23. Ra1 Nb7 24. e4 Bg4 25. f3 Nc5 26. fxg4 Qxg4 27. b4 Rxb4 28. Ne6 Nxe6 29. Bh3 Qxh3 30. Qxh3 Ng5 31. Qd7 Rxe4 32. h4 Nf7 33. Rc8 Ne5 34. Rxf8+ Kxf8 35. Qd8+ Kf7 36.
Rxa6 Nf3+ 37. Kf2 Nd4 38. Ra8 Re2+ 39. Kf1 1-0

[Event "*** Titled Tuesday Blitz"]
[Site "Chess.com"]
[Date "2019.08.06"]
[Round "2"]
[White "vladimirdamjanovic"]
[Black "Tjktiger"]
[Result "1-0"]
[WhiteElo "2631"]
[BlackElo "2825"]
[TimeControl "180+2"]
[EndTime "13:22:26 PDT"]
[Termination "vladimirdamjanovic won by checkmate"]

1. e4 d6 2. d4 Nf6 3. Nc3 g6 4. h4 a6 5. Be2 h5 6. Bg5 Nbd7 7. Nf3 Bg7 8. e5 Ng4 9. Nd5 f6 10. Qd3 Nf8 11. exf6 exf6 12. Bf4 Bf5 13. Qb3 Ne6 14.
Qxb7 O-O 15. Bc4 Kh8 16. O-O Be4 17. Bg3 f5 18. Rfe1 Re8 19. Rxe4 fxe4 20. Ng5 Nxg5 21. hxg5 Bxd4 22. Nxc7 e3 23. Nxe8 exf2+ 24. Kh1 Qxe8 25. Qd5 Be5 26. Bxe5+ Qxe5 27. Qxa8+ Kg7 28. Qg8# 1-0

[Event "*** Titled Tuesday Blitz"]
[Site "Chess.com"]
[Date "2019.08.06"]
[Round "2"]
[White "capatl"]
[Black "WarlordX"]
[Result "1-0"]
[WhiteElo "2540"]
[BlackElo "2521"]
[TimeControl "180+2"]
[EndTime "13:22:26 PDT"]
[Termination "capatl won by resignation"]

1. c4 Nf6 2. Nc3 e5 3. g3 g6 4.
Bg2 Bg7 5. e3 O-O 6. Nge2 d6 7.
b3 c6 8. d4 Qc7 9. Bb2 Re8 10.
dxe5 dxe5 11. Qc2 Bf5 12. e4 Be6 13.
O-O a5 14. Na4 Na6 15. a3 Nd7 16. f4 f6 17. f5 Bf7 18. fxg6 hxg6 19. c5 Bf8 20.
Bh3 Naxc5 21. Nxc5 Bxc5+ 22. Kg2 Be7 23. Rad1 Rad8 24.
Qc3 Nc5 25. Qe3 Rxd1 26. Rxd1 Bxb3 27. Rc1 Qb6 28. a4 Nxa4 29. Qh6 Bf7 30. Be6 Bxe6 31. Qxg6+ Kh8 32. Qxe8+ Kg7 33. Qxe7+ Kg6 34. Qxe6 Qxb2 35. Qf5+ Kf7 36. Qf2 Nc3 37. Rxc3 a4 38. Rf3 Ke7 39. Qc5+ Ke6 40. Qc4+ Ke7 41. Qc5+ Ke6 42. Rf2 a3 43. Nf4+ exf4 44. Rxb2 axb2 45. Qc4+ 1-0

[Event "*** Titled Tuesday Blitz"]
[Site "Chess.com"]
[Date "2019.08.06"]
[Round "2"]
[White "kenta1234"]
[Black "ama18"]
[Result "0-1"]
[WhiteElo "2529"]
[BlackElo "2432"]
[TimeControl "180+2"]
[EndTime "13:22:31 PDT"]
[Termination "ama18 won by resignation"]

1. Nf3 d5 2. d4 Nf6 3. g3 c6 4. Bg2 Bf5 5. O-O e6 6. b3 Nbd7 7. Bb2 Be7 8. Nbd2 h6 9. c4 O-O 10. Rc1 a5 11. c5 Ne4 12. Nxe4 Bxe4 13. Nd2 Bxg2 14. Kxg2 f5 15. Nf3 Bf6 16. Ne5 Bxe5 17. dxe5 Qe7 18. Qd4 g5 19. f3 f4 20. e3 fxe3 21.
Qxe3 Rf5 22. Bd4 Raf8 23. Rf2 g4 24. f4 h5 25. a3 R8f7 26. Qe2 Rh7 27. b4 axb4 28.
axb4 Qg7 29. b5 h4 30. Rc3 Rfh5 31. Kf1 Qg6 32. bxc6 bxc6 33. Qa6 hxg3 34. Rxg3 Rxh2 35. Qd3 Rxf2+ 36. Bxf2 Qf5 37. Qxf5 exf5 38. Rb3 Nf8 39. Rb8 Rc7 40. e6 Re7 41. Bd4 Rxe6 42. Be5 Kf7 43. Rb7+ Ke8 44. Rb8+ Kf7 45. Rc8 Ng6 46. Rc7+ Re7 47.
Rxc6 Nxe5 48. fxe5 Rxe5 49. Rd6 Ke7 50. Rh6 Kd7 51.
Rd6+ Kc7 52. Kf2 d4 53. Rxd4 Rxc5 54. Kg3 Rc3+ 55. Kf4 Rf3+ 56. Kg5 g3 57. Rd2 f4 0-1

[Event "*** Titled Tuesday Blitz"]
[Site "Chess.com"]
[Date "2019.08.06"]
[Round "2"]
[White "Jahonas"]
[Black "PotapovaM"]
[Result "1-0"]
[WhiteElo "2370"]
[BlackElo "2489"]
[TimeControl "180+2"]
[EndTime "13:22:31 PDT"]
[Termination "Jahonas won by checkmate"]

1. d4 Nf6 2. Nf3 e6 3. c4 d5 4. g3 Bb4+ 5. Bd2 Bd6 6. Bg2 O-O 7. Qc2 c6 8. O-O Nbd7 9. a3 Ne4 10. Bb4 Qe7 11.
Bxd6 Qxd6 12. Nc3 f5 13. b4 a5 14. b5 Nxc3 15. Qxc3 cxb5 16. c5 Qc7 17. Rfc1 Nb8 18.
Ne5 Bd7 19. e3 Nc6 20. Nd3 Ra7 21. Rab1 Rfa8 22. h4 Ne7 23. Nf4 Kh8 24. Bf1 b4 25.
axb4 axb4 26. Qxb4 Nc6 27. Qb6 Qxb6 28. cxb6 Ra2 29.
Bb5 Kg8 30. Bxc6 bxc6 31. b7 Rb8 32. Nd3 Kf7 33. Nc5 Ke7 34. Ra1 Rb2 35. Rcb1 Rxb1+ 36. Rxb1 Kd6 37. Kg2 e5 38. Ra1 exd4 39. exd4 Kc7 40.
Kf3 Kb6 41. Kf4 Be8 42. Ke5 g6 43. Kd6 Rd8+ 44. Ke7 Rb8 45. Ra8 Kc7 46. Rxb8 Kxb8 47. Kxe8 Kc7 48. Ke7 Kb8 49. Kd6 Ka7 50. Kc7 g5 51.
b8=Q# 1-0

[Event "*** Titled Tuesday Blitz"]
[Site "Chess.com"]
[Date "2019.08.06"]
[Round "2"]
[White "FairChess_on_YouTube"]
[Black "Didici"]
[Result "1-0"]
[WhiteElo "3029"]
[BlackElo "2643"]
[TimeControl "180+2"]
[EndTime "13:22:32 PDT"]
[Termination "FairChess_on_YouTube won by checkmate"]

1. c4 e6 2. Nc3 d5 3. d4 Nf6 4.
cxd5 exd5 5. Bg5 Bb4 6. e3 h6 7. Bh4 g5 8. Bg3 Ne4 9. Rc1 c5 10. Bb5+ Nc6 11. Ne2 Qa5 12. O-O Nxc3 13. Nxc3 Bxc3 14.
Bxc6+ bxc6 15. Rxc3 c4 16. Be5 Rg8 17. Qh5 Rg6 18.
f4 gxf4 19. exf4 Bg4 20. Qh4 Qd8 21. Qe1 Bf5 22. Rg3 Rxg3 23. Qxg3 Kd7 24. Qa3 Qf8 25.
Qa6 Qc8 26. Qa3 Qf8 27. Qa5 Qd8 28. Qb4 Ke6 29. Re1 Be4 30. f5+ Kxf5 31. Rf1+ Kg6 32. Qb7 Qe8 33. Rf6+ Kg5 34. Rxf7 Bg6 35. Rf4 Rd8 36.
Qg7 Qe6 37. h4+ Kh5 38. g4+ Kxh4 39. Qxh6+ Kg3 40. Qh2# 1-0

[Event "*** Titled Tuesday Blitz"]
[Site "Chess.com"]
[Date "2019.08.06"]
[Round "2"]
[White "Genghis_K"]
[Black "Arystanner"]
[Result "1-0"]
[WhiteElo "2887"]
[BlackElo "2673"]
[TimeControl "180+2"]
[EndTime "13:22:34 PDT"]
[Termination "Genghis_K won on time"]

1. e4 c5 2. Nf3 d6 3. Bb5+ Nd7 4. c3 a6 5. Ba4 Nf6 6. Qe2 e5 7. d4 b5 8. Bc2 Be7 9. O-O O-O 10. dxe5 Nxe5 11. Nxe5 dxe5 12. c4 b4 13. Rd1 Qc7 14. Nd2 Bb7 15. Nf1 Rfd8 16. Bg5 Rd4 17. Bxf6 Bxf6 18. Ne3 Rad8 19. Nd5 Bxd5 20. cxd5 c4 21. Ba4 Bg5 22. g3 Qc5 23. Kg2 g6 24. h4 Bh6 25. h5 Kg7 26. Bc6 Rd6 27. Qf3 Rf6 28.
Qe2 c3 29. bxc3 bxc3 30. Rxd4 Qxd4 31. Rf1 Qd2 32. Qxd2 Bxd2 33. Ba4 Rb6 34. Kf3 gxh5 35. Ke2 Rb4 36. Bc2 Rb2 37. Kd3 Rxa2 38. d6 Kf6 39. f4 exf4 40. e5+ Kxe5 41. d7 Ra5 42. Bb3 fxg3 43. d8=Q 1-0

[Event "*** Titled Tuesday Blitz"]
[Site "Chess.com"]
[Date "2019.08.06"]
[Round "2"]
[White "HrvojeZagreb"]
[Black "randy296"]
[Result "1-0"]
[WhiteElo "2021"]
[BlackElo "2089"]
[TimeControl "180+2"]
[EndTime "13:22:35 PDT"]
[Termination "HrvojeZagreb won by resignation"]

1. d4 Nf6 2. Bf4 g6 3. Nc3 Bg7 4. e4 O-O 5. Qd2 d6 6. O-O-O c5 7. dxc5 Qa5 8. cxd6 Nxe4 9. Nxe4 Qxa2 10. c3 exd6 11. Qd5 Qa4 12. Bb5 Qa5 13. Bxd6 Be6 14. Qd3 Rc8 15.
Ba3 Nc6 16. Bxc6 Rxc6 17. Ne2 Rac8 18. Kb1 Bc4 19. Qd2 Bxe2 20. Qxe2 f5 21. Ng5 Bxc3 22. Rd6 Rxd6 23. Bxd6 Qd5 24. Qe6+ Qxe6 25. Nxe6 Bf6 26. Ba3 Re8 27. Nf4 g5 28. Nd5 Bd4 29. f3 Re2 30.
Rd1 Bb6 31. g4 fxg4 32. fxg4 Rxh2 33. Ne7+ Kf7 34. Nf5 Ke6 35. Rd6+ Ke5 36. Rd7 h5 37.
Bd6+ Ke4 38. Bxh2 hxg4 39. Nd6+ Kf3 40. Rf7+ Kg2 41. Be5 Bc5 42. Ne4 Be3 43. Rxb7 g3 44.
Bxg3 1-0

[Event "*** Titled Tuesday Blitz"]
[Site "Chess.com"]
[Date "2019.08.06"]
[Round "2"]
[White "KazakhFighter04"]
[Black "RegZryt"]
[Result "1-0"]
[WhiteElo "2732"]
[BlackElo "2584"]
[TimeControl "180+2"]
[EndTime "13:22:37 PDT"]
[Termination "KazakhFighter04 won by resignation"]

1. e4 c5 2. Nf3 e6 3. d4 cxd4 4. Nxd4 Nf6 5. Nc3 Nc6 6. f3 Bb4 7. Nb5 d5 8. exd5 Nxd5 9. a3 Bxc3+ 10. Nxc3 Nxc3 11. Qxd8+ Nxd8 12. bxc3 Bd7 13. a4 Rc8 14. c4 Nc6 15. Be3 a6 16. a5 Ne5 17. Bd4 Nxc4 18.
Bxg7 Rg8 19. Bd4 Rg5 20. Kf2 Rxa5 21. Rxa5 Nxa5 22. Bd3 Nc6 23. Bf6 h5 24. Rb1 b5 25.
h4 Ne7 26. g4 Nd5 27. Bg7 Nf4 28. gxh5 Nxh5 29. Be5 f6 30. Bd6 Kf7 31. Rg1 f5 32. Rg5 Nf6 33. Be5 a5 34. h5 a4 35. h6 Rg8 36. Rxg8 Kxg8 37. Bxf6 Kh7 38. Bg7 a3 39. Ke3 a2 40. Kd2 Bc6 41. f4 a1=Q 42. Bxa1 Kxh6 43.
Ke3 Kh5 44. Be5 Kg4 45. Kd4 Kg3 46. Kc5 Be4 47. Kxb5 Kf3 48. Kc5 Bxd3 49. cxd3 Ke3 50. Kd6 1-0

[Event "*** Titled Tuesday Blitz"]
[Site "Chess.com"]
[Date "2019.08.06"]
[Round "2"]
[White "CookiesAndIceCream"]
[Black "LastHeroJr"]
[Result "0-1"]
[WhiteElo "2350"]
[BlackElo "2523"]
[TimeControl "180+2"]
[EndTime "13:22:38 PDT"]
[Termination "LastHeroJr won by checkmate"]

1. e4 Nc6 2. Nf3 d6 3. d4 Nf6 4. Nc3 g6 5. Be3 Bg7 6. Qd2 O-O 7.
d5 Nb8 8. h4 c6 9. O-O-O b5 10.
dxc6 b4 11. Nd5 Nxc6 12. Nxf6+ Bxf6 13. h5 Qa5 14. Bc4 Be6 15. Bxe6 fxe6 16. Kb1 Rab8 17. hxg6 b3 18. Qxa5 bxc2+ 19. Kxc2 Rxb2+ 20. Kd3 Nxa5 21. Rxh7 Rc8 22. Bd4 Bxd4 23. Nxd4 Nc4 24. Rdh1 Ne5+ 25. Ke3 Rc3+ 26. Kf4 Rxf2+ 27. Kg5 Rg3+ 28. Kh5 Rfxg2 29. Nxe6 Rxg6 30. Rxe7 R6g3 31. Nf4 Rf2 32. Rb1 Rxf4 33. Rb8+ Rf8 34. Rbb7 Nf7 35. Kh4 Rg6 36. Rxa7 Kg7 37. Red7 Rh8# 0-1